 Dungeon Crawl Stone Soup version 0.20.0-8-g6b59dc7 (webtiles) character file.

4272 AverageBear the Slicer (level 10, -3/48 HPs)
             Began as a Deep Elf Fighter on May 30, 2017.
             Was a Priest of Kikubaaqudgha.
             Killed by nerve-wracking pain
             ... invoked by a shadow imp
              (12 damage)
             ... on level 10 of the Dungeon.
             The game lasted 00:29:53 (8571 turns).

AverageBear the Slicer (Deep Elf Fighter)           Turns: 8571, Time: 00:29:54

Health: -3/48      AC:  6    Str: 16    XL:     10   Next: 10%
Magic:  19/19      EV: 14    Int: 14    God:    Kikubaaqudgha [***...]
Gold:   566        SH:  9    Dex: 14    Spells: 22/22 levels left

rFire    + . .     SeeInvis .   a - +3 rapier
rCold    . . .     Gourm    .   c - +0 shield
rNeg     . . .     Faith    .   g - +0 troll leather armour {Purgy}
rPois    .         Spirit   .   (no helmet)
rElec    .         Reflect  .   (no cloak)
rCorr    .         Harm     .   i - +0 pair of gloves
MR       +....     Clarity  +   (no boots)
Stlth    +.........             (no amulet)
Regen    0.6/turn               (no ring)
MPRegen  0.2/turn               (no ring)

@: no status effects
A: clarity, fire resistance 1, frail 1, low mp 1
a: Receive Corpses, Renounce Religion


You were on level 10 of the Dungeon.
You worshipped Kikubaaqudgha.
Kikubaaqudgha was most pleased with you.
You were not hungry.

You visited 2 branches of the dungeon, and saw 11 of its levels.
You also visited: Ossuary.

You collected 566 gold pieces.

Inventory:

Hand Weapons
 a - a +3 rapier (weapon)
Missiles
 q - 41 arrows
 x - 3 tomahawks (quivered)
Armour
 b - a +0 scale mail
 c - a +0 shield (worn)
 g - a +0 troll leather armour (worn) {Purgy}
 i - a +0 pair of gloves (worn)
 p - a +1 scale mail of positive energy
 r - the +2 robe "Feitim" {-Tele rF+ Str+4 Stlth+}
   (You found it on level 5 of the Dungeon)

   It affects your strength (+4).
   It protects you from fire.
   It prevents most forms of teleportation.
   It makes you more stealthy.
 v - a +0 buckler
 w - a +0 buckler
 z - a +2 leather armour of cold resistance
Scrolls
 e - 6 scrolls of remove curse
 j - 2 scrolls of blinking
 k - 2 scrolls of fog
 o - a scroll of amnesia
 t - a scroll of teleportation
 y - a scroll of vulnerability
Potions
 d - a potion of heal wounds
 m - 6 potions of curing
 n - a potion of flight
 s - a potion of cancellation
 u - 2 potions of brilliance
Books
 l - a book of Changes

   Spells                             Type                      Level
   a - Beastly Appendage              Transmutation                1
   b - Sticks to Snakes               Transmutation                2
   c - Spider Form                    Transmutation/Poison         3
   d - Ice Form                       Ice/Transmutation            4
   e - Blade Hands                    Transmutation                5
 A - Kikubaaqudgha's Almanac of Black Rites
   (Kikubaaqudgha gifted it to you on level 7 of the Dungeon)

   Spells                             Type                      Level
   a - Animate Skeleton               Necromancy                   1
   b - Corpse Rot                     Necromancy                   2
   c - Sublimation of Blood           Necromancy                   2
   d - Vampiric Draining              Necromancy                   3
   e - Control Undead                 Necromancy                   4
 D - Kikubaaqudgha's Reference Book on Stolen Souls
   (Kikubaaqudgha gifted it to you on level 8 of the Dungeon)

   Spells                             Type                      Level
   a - Animate Dead                   Necromancy                   4
   b - Bolt of Draining               Conjuration/Necromancy       5
   c - Agony                          Necromancy                   5
   d - Cigotuvi's Embrace             Necromancy                   5
   e - Dispel Undead                  Necromancy                   5
Comestibles
 f - 9 bread rations
 h - a royal jelly
 B - 3 fruits


   Skills:
 - Level 2.4 Fighting
 - Level 10.3 Short Blades
 - Level 4.4 Armour
 - Level 8.0 Dodging
 - Level 4.3 Shields
 + Level 6.6 Spellcasting


You had 22 spell levels left.
You didn't know any spells.

Dungeon Overview and Level Annotations

Branches:
Dungeon (10/15)            Temple (1/1) D:5
   Lair: D:8-11         Orc: D:9-12

Altars:
Ashenzari
Cheibriados
Dithmenos
Elyvilon
Fedhas
Gozag
Hepliaklqana
Kikubaaqudgha
Makhleb
Nemelex Xobeh
Okawaru
Qazlal
Ru
Sif Muna
Trog
Uskayaw
Vehumet
Xom
Yredelemnul
Zin
The Shining One


Innate Abilities, Weirdness & Mutations

You possess an exceptional clarity of mind.
Your flesh is heat resistant. (rF+)
You are frail. (-10% HP)
Your magical capacity is low. (-10% MP)


Message History

The shadow imp hits you.
There is a stone staircase leading down here.
The hell rat completely misses you.
The shadow imp hits you but does no damage.
The death yak closely misses you.
You climb downwards.
Found a scroll of noise and a scroll of remove curse.
There is a stone staircase leading up here.
An orc priest comes into view. It is wielding a dagger.
The orc priest shouts!
You block the hell rat's attack. The shadow imp closely misses you.
The hell rat bites you!
* * * LOW HITPOINT WARNING * * *
An orc priest comes into view. It is wielding a flail.
An orc warrior comes into view. It is wielding a long sword.
The orc warrior shouts!
The shadow imp gestures at you. Pain shoots through your body!
You die...
Kikubaaqudgha rasps: "You have failed me!
Welcome... death!"

......# #
#......#
#.#####......#
##....?.......##
.......<........
#######.Y.?.....
#5r......#
#........#
#.@......#
#.o......#
#........#
.........#
.o........#
.o.........#
##########..#
..#


You could see a death yak (inner flame), an orc warrior, a hell rat, 2 orc
priests and a shadow imp.

Vanquished Creatures
  4 centaur zombies
  A hippogriff (D:6)
  Sigmund (D:6)
  A steam dragon (D:8)
  Menkaure (D:6)
  Duvessa (D:6)
  Purgy (D:4)
  2 black bears (D:8)
  2 sky beasts
  An ice beast (D:6)
  6 ogres
  Blork the orc (D:6)
  2 elf zombies (Ossuary)
  2 bullfrogs
  Dowan (D:6)
  2 scorpions (D:8)
  2 howler monkeys
  A bullfrog zombie (D:5)
  5 crimson imps
  A quasit (D:7)
  5 hounds
  8 orc priests
  A gnoll shaman (D:5)
  A jelly (D:4)
  8 orc wizards
  An iguana (D:4)
  Terence (D:3)
  A hell rat (D:9)
  6 worker ants
  A killer bee zombie (D:6)
  A big kobold zombie (Ossuary)
  A hound zombie (D:7)
  2 mummies (Ossuary)
  3 worker ant zombies
  3 gnolls (D:5)
  8 adders
  A shadow imp (D:5)
  An adder zombie (D:8)
  2 oozes
  An adder skeleton (D:7)
  A worm (D:2)
  4 dart slugs
  4 leopard geckos
  37 orcs
  2 ball pythons
  3 giant cockroaches
  14 goblins
  13 hobgoblins
  19 jackals
  5 kobolds
  4 quokkas
  A ball python skeleton (D:4)
  10 bats
  3 frilled lizards
  A goblin zombie (Ossuary)
  4 hobgoblin zombies (Ossuary)
  A jackal skeleton (D:5)
  13 kobold zombies (Ossuary)
  A leopard gecko skeleton (D:4)
  8 orc zombies (Ossuary)
  A quokka skeleton (D:7)
  8 rats
251 creatures vanquished.

Notes
Turn   | Place    | Note
-------+----------+-------------------------------------------
     0 | D:1      | AverageBear the Deep Elf Fighter began the quest for the Orb.
     0 | D:1      | Reached XP level 1. HP: 13/13 MP: 3/3
    31 | D:1      | Reached skill level 1 in Dodging
    58 | D:1      | Reached XP level 2. HP: 11/18 MP: 4/4
   230 | D:1      | Reached XP level 3. HP: 10/22 MP: 5/5
  1246 | D:2      | Reached XP level 4. HP: 26/27 MP: 6/6
  1653 | D:3      | Noticed Terence
  1665 | D:3      | Killed Terence
  1665 | D:3      | Reached skill level 5 in Dodging
  1733 | D:3      | Found a burning altar of Makhleb.
  1735 | D:3      | Found a shattered altar of Ashenzari.
  1737 | D:3      | Found a shimmering altar of Xom.
  1968 | D:3      | Noticed a sky beast
  1981 | D:3      | Killed a sky beast
  1981 | D:3      | Reached skill level 3 in Short Blades
  1981 | D:3      | Reached XP level 5. HP: 28/31 MP: 7/7
  2265 | D:3      | Gained mutation: You are frail. (-10% HP) [potion of mutation]
  2265 | D:3      | Gained mutation: You are resistant to electric shocks. (rElec) [potion of mutation]
  2273 | D:3      | Reached skill level 4 in Short Blades
  2285 | D:3      | Reached XP level 6. HP: 12/32 MP: 8/8
  3159 | D:4      | Noticed Purgy
  3234 | D:4      | Reached skill level 5 in Short Blades
  3542 | D:4      | Reached skill level 6 in Short Blades
  3557 | D:4      | Reached XP level 7. HP: 36/36 MP: 9/9
  3897 | D:4      | Killed Purgy
  3897 | D:4      | Reached skill level 7 in Short Blades
  4159 | D:4      | Found a deep blue altar of Sif Muna.
  4345 | D:5      | Entered Level 5 of the Dungeon
  4389 | D:5      | Found a shadowy altar of Dithmenos.
  4423 | D:4      | Reached skill level 8 in Short Blades
  4481 | D:5      | Got a brightly glowing robe
  4492 | D:5      | Identified the +2 robe "Feitim" {-Tele rF+ Str+4 Stlth+} (You found it on level 5 of the Dungeon)
  4534 | D:5      | Found a staircase to the Ecumenical Temple.
  4571 | Temple   | Entered the Ecumenical Temple
  4804 | Temple   | Became a worshipper of Kikubaaqudgha
  4864 | D:5      | Lost mutation: You are frail. (-10% HP) [potion of mutation]
  4864 | D:5      | Lost mutation: You are resistant to electric shocks. (rElec) [potion of mutation]
  4864 | D:5      | Gained mutation: Your magical capacity is low. (-10% MP) [potion of mutation]
  4864 | D:5      | Gained mutation: You are frail. (-10% HP) [potion of mutation]
  4864 | D:5      | Gained mutation: You possess an exceptional clarity of mind. [potion of mutation]
  4864 | D:5      | Gained mutation: Your flesh is heat resistant. (rF+) [potion of mutation]
  4868 | D:5      | Reached XP level 8. HP: 38/40 MP: 9/9
  5295 | D:6      | Noticed Dowan
  5296 | D:6      | Noticed Duvessa
  5362 | D:6      | Noticed Blork the orc
  5374 | D:6      | Killed Blork the orc
  5456 | D:6      | Noticed Menkaure
  5558 | D:6      | Noticed Sigmund
  5877 | D:7      | Found a sparkling altar of Nemelex Xobeh.
  6080 | D:7      | Reached * piety under Kikubaaqudgha
  6080 | D:7      | Identified Kikubaaqudgha's Almanac of Black Rites (Kikubaaqudgha gifted it to you on level 7 of the Dungeon)
  6080 | D:7      | Received a gift from Kikubaaqudgha
  6218 | D:7      | Reached skill level 9 in Short Blades
  6294 | D:7      | Reached XP level 9. HP: 25/44 MP: 10/10
  6487 | D:6      | Killed Sigmund
  6507 | D:6      | Killed Duvessa
  6507 | D:6      | Reached skill level 10 in Short Blades
  6512 | D:6      | Killed Menkaure
  6513 | D:6      | Killed Dowan
  7299 | D:8      | Reached ** piety under Kikubaaqudgha
  7374 | D:8      | Found a sand-covered staircase.
  7380 | Ossuary  | Entered an ossuary
  7801 | D:8      | Reached skill level 1 in Spellcasting
  8035 | D:8      | Reached skill level 5 in Spellcasting
  8046 | D:8      | Reached *** piety under Kikubaaqudgha
  8046 | D:8      | Identified Kikubaaqudgha's Reference Book on Stolen Souls (Kikubaaqudgha gifted it to you on level 8 of the Dungeon)
  8046 | D:8      | Received a gift from Kikubaaqudgha
  8046 | D:8      | Reached XP level 10. HP: 28/48 MP: 16/18
  8456 | D:8      | Found a snail-covered altar of Cheibriados.
  8530 | D:9      | Noticed a death yak
  8530 | D:9      | Noticed a death yak
  8567 | D:9      | Noticed a death yak
  8567 | D:10     | Entered Level 10 of the Dungeon
  8571 | D:10     | Killed from afar by a shadow imp

Skill      XL: |  1  2  3  4  5  6  7  8  9 10 |
---------------+-------------------------------+-----
Dodging        | 2 3 4 5 8 |  8.0
Short Blades   | 3 4 6 8 9 10 | 10.3
Armour         | 3 4 |  4.4
Shields        | 4 |  4.3
Spellcasting   | 5 6 |  6.6
Fighting       | |  2.4

Action                   |  1- 3 |  4- 6 |  7- 9 | 10-12 || total
-------------------------+-------+-------+-------+-------++-------
Melee: Rapier            |   174 |   226 |   668 |    54 ||  1122
Throw: Tomahawk          |       |       |     4 |       ||     4
  Use: Scroll            |     2 |     9 |     9 |     2 ||    22
       Potion            |       |     6 |     9 |       ||    15
  Eat: Chunk             |     1 |     8 |    12 |     2 ||    23
       Royal jelly       |       |       |     1 |       ||     1
       Fruit             |       |       |     1 |       ||     1
Armor: Scale mail        |    74 |    83 |     8 |       ||   165
       Skin              |       |    18 |    35 |       ||    53
       Troll leather arm |       |       |   126 |    13 ||   139
Dodge: Dodged            |    68 |    66 |   266 |    40 ||   440
Block: Shield            |    85 |    70 |   245 |    33 ||   433
